[Event "*** SCC Grand Prix: Titled Tuesday Blitz"]
[Site "Chess.com"]
[Date "2020.06.02"]
[Round "4"]
[White "Harry_Rakkel"]
[Black "Funo09"]
[Result "0-1"]
[WhiteElo "2527"]
[BlackElo "2781"]
[TimeControl "180+1"]
[EndTime "10:41:17 PDT"]
[Termination "Funo09 won on time"]

1. d4 Nf6 2. Nf3 g6 3. Bg5 Bg7 4. Nbd2 d5 5. e3 O-O 6. Be2 c5 7. c3 Nc6 8. O-O b6 9. a3 Bb7 10. b4 Ne4 11. Nxe4 dxe4 12. Nd2 cxd4 13. cxd4 h6 14.
Bh4 f5 15. Bg3 Kh7 16. Nc4 Qd5 17. Rc1 Rac8 18. b5 Nb8 19. Qa4 Nd7 20. h3 g5 21.
Be5 Nxe5 22. dxe5 f4 23. Rfd1 Qe6 24. Bg4 Qf7 25. Bxc8 Bxc8 26. Qc2 Bf5 27. Rd4 h5 28. Qd1 Qe6 29. Qxh5+ Bh6 30. Nd2 Bg6 31. Qg4 Bf5 32.
Qe2 Qg6 33. Rc7 Rf7 34. exf4 gxf4 35. Nxe4 Bxh3 36. f3 Bg7 37. Qf2 Bxe5 38. Qh4+ Kg7 39. Qxh3 Bxd4+ 40. Kf1 Be5 41. Rc6 Qf5 42. Qh6+ Kg8 43.
Qe6 Qh5 44. Ke2 Bg7 45. Rc8+ Bf8 46. Qg4+ Qxg4 47. fxg4 Kg7 48. Kf3 e5 49. Ng5 Re7 50. Rc6 Kg8 51. Ke4 Bg7 52. Ne6 Kf7 53. Kf5 e4 54.
Ng5+ Ke8 55. Nxe4 Re5+ 56. Kxf4 Rd5 57. Nd6+ Kd7 58. Nf5 Be5+ 59. Ke4 Rxb5 60. Rc4 Ra5 61. Ne3 Bb2 62. a4 Re5+ 63. Kf3 Re6 64. Nf5 Be5 65. g5 Rg6 66. g4 Rxg5 67. Re4 Bf6 68. Re2 Rg8 69. Rd2+ Ke6 70. Rd6+ Kf7 71. Rc6 Rd8 72. Rc7+ Ke6 73. Rxa7 Rd3+ 74. Ke4 Rb3 0-1

[Event "*** SCC Grand Prix: Titled Tuesday Blitz"]
[Site "Chess.com"]
[Date "2020.06.02"]
[Round "4"]
[White "AndrewMaco"]
[Black "GMSrinath"]
[Result "1-0"]
[WhiteElo "2631"]
[BlackElo "2792"]
[TimeControl "180+1"]
[EndTime "10:41:18 PDT"]
[Termination "AndrewMaco won by resignation"]

1. e4 c5 2. Nf3 Nc6 3. d4 cxd4 4. Nxd4 Nf6 5. Nc3 d6 6. Bg5 e6 7. Qd2 a6 8. O-O-O Be7 9. f3 O-O 10. h4 Nxd4 11. Qxd4 b5 12. g4 Bb7 13. Bd3 Qa5 14. Kb1 b4 15. Ne2 e5 16. Qf2 Rac8 17.
Ng3 d5 18. Nf5 Bc5 19. Qe2 Nd7 20. h5 f6 21. Bc1 Nb6 22. g5 dxe4 23. fxe4 fxg5 24.
Bxg5 Rxf5 25. exf5 Bd5 26. b3 Bd4 27. Be4 Bxe4 28.
Qxe4 Nd5 29. Bd2 Rc5 30. a4 bxa3 31. Qxd4 a2+ 32. Ka1 exd4 33. Bxa5 Rxa5 34. Rxd4 Ne3 35. Rc1 Nxf5 36. Ra4 Rc5 37. Rxa6 Nd4 38. Kb2 Ne2 39. Rf1 h6 40. Rxa2 Rxh5 41. Ra8+ Kh7 42. Ra7 Rg5 43.
Rf2 Ng3 44. c4 h5 45. b4 h4 46. Rh2 Rg4 47. Kb3 Nf1 48. Rh1 Ng3 49. Rh3 Kh6 50. b5 Ne4 51. b6 g5 52. b7 Nc5+ 53. Kb4 Nxb7 54. Rxb7 Rg1 55. Rd7 Kh5 56. Rd5 Kg4 57. Rh2 h3 58. Rd3 Rg3 59. Rxh3 Rxh3 60. Rxh3 Kxh3 61.
c5 g4 62. c6 g3 63. c7 Kh2 64. c8=Q g2 65. Qh8+ Kg1 66. Qd4+ Kh2 67. Qh4+ Kg1 68. Kc3 Kf1 69. Qf4+ Ke2 70. Qe4+ Kf2 71. Qf4+ Ke2 72.
Qg3 Kf1 73. Qf3+ Kg1 74. Kd3 Kh2 75. Qh5+ Kg3 76. Qg5+ Kf3 77. Qe3+ Kg4 78. Qg1 Kf3 79. Kd2 1-0

[Event "*** SCC Grand Prix: Titled Tuesday Blitz"]
[Site "Chess.com"]
[Date "2020.06.02"]
[Round "4"]
[White "capatl"]
[Black "vovachesss"]
[Result "0-1"]
[WhiteElo "2457"]
[BlackElo "2646"]
[TimeControl "180+1"]
[EndTime "10:41:19 PDT"]
[Termination "vovachesss won by resignation"]

1. Nf3 d6 2. c4 e5 3. Nc3 g6 4. d4 Nd7 5. dxe5 dxe5 6. g3 Bg7 7.
Bg2 Ngf6 8. O-O O-O 9. Qc2 c6 10. Rd1 Qc7 11. Ng5 Nc5 12. b3 Bf5 13. e4 Bg4 14. f3 h6 15. Nh3 Bc8 16. Ba3 Nfd7 17. Nf2 Re8 18. Rd2 Ne6 19. Bd6 Qd8 20. Ne2 Nd4 21.
Nxd4 exd4 22. Nd3 Ne5 23. c5 Nxd3 24. Rxd3 f5 25. Re1 fxe4 26. fxe4 Qg5 27. e5 Bf5 28. Qc4+ Kh7 29. Rxd4 Rad8 30. Rf4 h5 31. Qc3 b6 32.
b4 a5 33. a3 axb4 34. axb4 bxc5 35. bxc5 Bd7 36. Qe3 Re6 37. Rf7 Qxe3+ 38. Rxe3 Be8 39. Rc7 Kh6 40. Bh3 Rexd6 41. exd6 Bd4 42. Kf2 Bxc5 43. Re7 Bxe3+ 44. Kxe3 c5 45. d7 Bxd7 46. Rxd7 Rb8 47. Kf2 Rb2+ 48. Kg1 c4 49. Bf1 c3 50. Rc7 c2 51. h4 g5 52. Rc6+ Kg7 53. hxg5 Kf7 54. Rc7+ Ke6 55. Rc3 Kf5 56. Rc5+ Kg4 57. Rc3 Kxg5 58. Rc4 Kf5 59. Rc5+ Kg4 60. Rc4+ Kxg3 61.
Rc3+ Kf4 62. Rc4+ Ke3 63. Rc5 Kd2 64. Rd5+ Kc1 65. Rxh5 Rb3 66. Bg2 Kb2 67. Rc5 c1=Q+ 68. Rxc1 Kxc1 69. Kf2 Kd2 70. Bf3 Rb4 71. Kg3 Ke3 72.
Bg4 Rb5 73. Kh4 Kf4 74. Bh5 Rb8 75. Bg6 Rh8+ 76. Bh5 Rh7 0-1

[Event "*** SCC Grand Prix: Titled Tuesday Blitz"]
[Site "Chess.com"]
[Date "2020.06.02"]
[Round "4"]
[White "The_Machine04"]
[Black "TERMINATOR_PC"]
[Result "0-1"]
[WhiteElo "2297"]
[BlackElo "2471"]
[TimeControl "180+1"]
[EndTime "10:41:22 PDT"]
[Termination "TERMINATOR_PC won by resignation"]

1. d4 Nf6 2. Bg5 g6 3. Bxf6 exf6 4. g3 f5 5. Bg2 d5 6. e3 c6 7. Ne2 h5 8. h4 Qb6 9. b3 Be6 10. O-O Bd6 11. Nd2 Nd7 12. c4 Qa5 13. a3 Nf6 14. b4 Qd8 15. c5 Bc7 16. a4 a6 17. Qc2 Ne4 18. b5 axb5 19. axb5 O-O 20. Rxa8 Qxa8 21.
b6 Bd8 22. Nb3 g5 23. Ra1 Qc8 24. hxg5 Bxg5 25. Nf4 Bxf4 26. gxf4 Kh7 27. Qe2 Kh6 28.
Kf1 Rg8 29. Qf3 Qd8 30. Ke2 Rg4 31. Rh1 Rh4 32. Rg1 Qg8 33. Rf1 Rh2 34. Rg1 Qg6 35. Kf1 Qf6 36. Rh1 Rxh1+ 37. Bxh1 Qh4 38. Ke2 Bc8 39. Bg2 Nf6 40. Qh3 Qg4+ 41. Qxg4 fxg4 42. Nd2 h4 43. f3 h3 44. Bh1 g3 45. Kf1 Bf5 46.
Bg2 Bd3+ 47. Kg1 hxg2 48. Kxg2 Nh5 49. Nf1 Bxf1+ 50. Kxf1 Kg6 51. Kg2 Kf6 52. Kh3 Kf5 53.
Kg2 Kg6 54. Kh3 f5 55. Kg2 Kh6 56. Kh3 Kg6 57. Kg2 Ng7 58. Kxg3 Kh5 59. Kh3 Ne8 60. Kg3 Nf6 61. Kh3 Nd7 62. Kg3 Nb8 63. Kh3 Na6 64. Kg3 Nb4 65. Kh3 Nc2 66. e4 dxe4 67. fxe4 Nxd4 68. e5 Ne6 69. Kg3 Kh6 70. Kf3 Kg6 71.
Ke3 Kh5 72. Kf3 Kh4 73. Ke3 Kg4 74. Kd3 Kxf4 75. Kc4 Kxe5 0-1

[Event "*** SCC Grand Prix: Titled Tuesday Blitz"]
[Site "Chess.com"]
[Date "2020.06.02"]
[Round "4"]
[White "umngqusho"]
[Black "1stSecond"]
[Result "0-1"]
[WhiteElo "2500"]
[BlackElo "2711"]
[TimeControl "180+1"]
[EndTime "10:41:23 PDT"]
[Termination "1stSecond won on time"]

1. e4 c5 2. Nf3 Nc6 3. d4 cxd4 4. Nxd4 e6 5. Nc3 Qc7 6. Be2 Nf6 7. O-O a6 8. Be3 Bb4 9. Na4 Be7 10. c4 Nxe4 11. c5 O-O 12. Rc1 Rd8 13. Bf3 Ng5 14. Qb3 Bf6 15. Rfd1 Nxd4 16. Bxd4 Bxd4 17. Rxd4 Nxf3+ 18. Qxf3 d5 19. Nb6 Rb8 20. Qg3 Qxg3 21. hxg3 Bd7 22. f4 Bc6 23. b4 f6 24. Re1 Kf7 25. a4 Re8 26. Rb1 e5 27. Rd2 d4 28. fxe5 fxe5 29.
b5 axb5 30. axb5 Be4 31. Re1 Bf5 32. Nc4 Kf6 33. Rf2 Kg5 34. Nd6 Bg6 35. Nxe8 Rxe8 36.
c6 bxc6 37. bxc6 e4 38. Rd2 d3 39. Kf2 Re6 40. Rxd3 Rf6+ 41. Rf3 exf3 42. Re5+ Kh6 43. gxf3 Rxc6 44. g4 Rc2+ 45. Kg3 Rc6 46. Kh4 Bf7 47. f4 g6 48. Re7 Kg7 49. Kg5 Rf6 50. f5 h6+ 51.
Kf4 gxf5 52. gxf5 Kf8 53. Ra7 Bg6 54. Ra8+ Kg7 55. Ra7+ Rf7 56. Ra5 Bh7 57. Rb5 Bg8 58. Rb6 Rc7 59. Rg6+ Kh7 60. Rd6 Bf7 61. Ke5 Kg7 62. Kf4 Rc4+ 63. Ke5 h5 64. Rd8 h4 65. Rd3 Rg4 0-1

[Event "*** SCC Grand Prix: Titled Tuesday Blitz"]
[Site "Chess.com"]
[Date "2020.06.02"]
[Round "4"]
[White "platy3"]
[Black "BilodeauA"]
[Result "1-0"]
[WhiteElo "2738"]
[BlackElo "2892"]
[TimeControl "180+1"]
[EndTime "10:41:25 PDT"]
[Termination "platy3 won on time"]

1. e4 e5 2. Nf3 Nc6 3. Bb5 a6 4. Ba4 d6 5. O-O Bd7 6. d4 b5 7. Bb3 Nxd4 8. Nxd4 exd4 9. c3 dxc3 10. Qh5 Qe7 11. Nxc3 Nf6 12. Qf3 c6 13. Bf4 Ng4 14. Rad1 Ne5 15. Qe3 Qd8 16. Bxe5 dxe5 17. f4 Qc7 18.
fxe5 Be6 19. Bxe6 fxe6 20. Qf3 Bc5+ 21. Kh1 Rd8 22. Rxd8+ Kxd8 23. Qg3 Kc8 24. Ne2 Kb7 25. Qc3 Bb6 26. h3 Rd8 27. Nf4 Qf7 28. Qb3 Rf8 29. Rf3 Re8 30. Nd5 Qd7 31. Nxb6 Kxb6 32. Qe3+ c5 33.
b4 Qc7 34. bxc5+ Qxc5 35. Qf4 b4 36. Qf7 Re7 37. Qf8 Rd7 38. Qb8+ Ka5 39. Qe8 Rd1+ 40. Kh2 Qc1 41. Kg3 g6 42. Qe7 h5 43. Qxe6 Qg5+ 44. Kf2 Qd2+ 45. Kg3 Qe1+ 46. Kf4 Qd2+ 47. Kg3 g5 48.
Qd5+ Qxd5 49. exd5 Rxd5 50. Rf5 Ka4 51. Rxg5 Ka3 52.
Kh4 Kxa2 53. e6 Rd4+ 54. Kxh5 Re4 55. Rg4 Re5+ 56. Kh4 b3 57. Ra4+ Kb1 58. Rxa6 b2 59. Rb6 Kc1 60. Rc6+ Kd2 61. Rb6 Kc3 62. Rxb2 Kxb2 63.
g4 Kc3 64. g5 Kd4 65. Kh5 Rxe6 66. g6 Ke5 67. g7 Re8 68. Kg6 Ke6 69. h4 Ra8 70. h5 Ke7 71. h6 Ra6+ 72. Kh7 Kf6 73. g8=Q Ra7+ 74. Qg7+ 1-0

[Event "*** SCC Grand Prix: Titled Tuesday Blitz"]
[Site "Chess.com"]
[Date "2020.06.02"]
[Round "4"]
[White "superchess02"]
[Black "JozefKneht"]
[Result "1/2-1/2"]
[WhiteElo "2707"]
[BlackElo "2511"]
[TimeControl "180+1"]
[EndTime "10:41:26 PDT"]
[Termination "Game drawn - insufficient material"]

1. e4 e5 2. Nf3 Nc6 3. Nc3 Nf6 4.
Bc4 Bc5 5. d3 d6 6. Bg5 h6 7.
Bh4 g5 8. Bg3 Qe7 9. Ne2 Bd7 10.
c3 Bb6 11. Bb3 Rg8 12. Nd2 Nh5 13. Nc4 Nf4 14. Bxf4 gxf4 15. g3 Bg4 16. Qc2 Bf3 17. Rf1 Bg2 18. Rg1 f3 19. Nc1 O-O-O 20. Qd2 h5 21. h4 Rgf8 22. Bc2 f5 23. Nb3 f4 24. Nxb6+ axb6 25. O-O-O fxg3 26. fxg3 Qg7 27. Qf2 Rg8 28. Rd2 Qxg3 29. Qxg3 Rxg3 30. Bd1 Rdg8 31. Rf2 R8g4 32. Nd2 Rh3 33. Kc2 Rhxh4 34. Bxf3 Bxf3 35.
Nxf3 Rh3 36. Rxg4 hxg4 37. Ng5 Rh5 38. Rf8+ Kd7 39. Rg8 Ne7 40. Rg7 Rh6 41. Nh7 Ke8 42. Kb3 Rg6 43. Rxg6 Nxg6 44. Nf6+ Ke7 45. Nxg4 Ke6 46.
Kc2 c6 47. Ne3 b5 48. b3 Nf4 49. a4 bxa4 50. bxa4 Kd7 51. a5 Ne6 52. Nc4 Nc5 53. Nd2 Kc7 54. d4 Nd7 55. Kd3 Kb8 56.
Nc4 Kc7 57. Ke3 exd4+ 58. cxd4 c5 59. d5 b5 60. axb6+ Nxb6 61. Na3 Kd7 62. Nb5 Ke7 63. Kf4 Nc4 64. Na7 Kf6 65. Nc6 Kf7 66. e5 dxe5+ 67.
Nxe5+ Nxe5 68. Kxe5 Ke7 69. d6+ Kd7 70. Kd5 c4 71.
Kxc4 Kxd6 1/2-1/2

[Event "*** SCC Grand Prix: Titled Tuesday Blitz"]
[Site "Chess.com"]
[Date "2020.06.02"]
[Round "4"]
[White "EfrenRamos1"]
[Black "kikydu96"]
[Result "1-0"]
[WhiteElo "2194"]
[BlackElo "2389"]
[TimeControl "180+1"]
[EndTime "10:41:27 PDT"]
[Termination "EfrenRamos1 won by resignation"]

1. d4 f5 2. e4 fxe4 3. Nc3 Nf6 4. Bg5 d5 5. Bxf6 exf6 6. Qh5+ g6 7. Qxd5 Nc6 8. Qxd8+ Kxd8 9. Nxe4 Bg7 10. O-O-O b6 11.
d5 Ne5 12. h3 Bb7 13. c4 Re8 14. Nc3 f5 15. Kc2 a5 16. f4 Nd7 17. Nf3 Nc5 18.
Bd3 Bh6 19. g3 Re3 20. Rhf1 Bg7 21. Rd2 Kd7 22. Nd1 Re7 23. Re2 Rae8 24. Rfe1 Rxe2+ 25. Rxe2 Rxe2+ 26. Bxe2 Ne4 27. g4 fxg4 28. hxg4 h5 29. gxh5 gxh5 30. Ne5+ Kd6 31. Bxh5 Bxe5 32. fxe5+ Kxe5 33. b3 Kd4 34. a3 Bc8 35. Bg6 Nc5 36. Nc3 Nd7 37. Nb5+ Kc5 38. Bf5 Ne5 39. Bxc8 c6 40. dxc6 Nxc6 41. Bd7 Ne5 42. Be8 a4 43. bxa4 Nxc4 44.
Kb3 Na5+ 45. Ka2 Nc4 46. Bf7 Na5 47. Bb3 Nb7 48. Nc3 Na5 49. Ne4+ Kd4 50. Nd6 Kc5 51.
Nc8 Nc6 52. Kb2 Na5 53. Kc3 Nc6 54. Bc4 Na5 55. Bb5 Nb7 56. Na7 Na5 57. Kd3 Nb7 58. Kc3 Na5 59. Nc8 Nb7 60. Ne7 Na5 61. Nf5 Nb7 62.
Ng3 Na5 63. Ne4+ Kd5 64. Nf6+ Kc5 65. Nd7+ Kd6 66. Nxb6 Kc5 67. Nc4 Nb7 68. Nd2 Na5 69. Nb3+ Kb6 70. Nxa5 Kxa5 71. Kc4 Kb6 72. Kb4 Ka7 73.
a5 Kb7 74. Kc5 Ka7 75. a6 Kb8 76. Kb6 1-0

[Event "*** SCC Grand Prix: Titled Tuesday Blitz"]
[Site "Chess.com"]
[Date "2020.06.02"]
[Round "4"]
[White "Giraffe_Chess"]
[Black "WiktoriaPOL"]
[Result "1-0"]
[WhiteElo "2379"]
[BlackElo "2016"]
[TimeControl "180+1"]
[EndTime "10:41:27 PDT"]
[Termination "Giraffe_Chess won on time"]

1. d4 Nf6 2. c4 g6 3. Nc3 d5 4. cxd5 Nxd5 5. Bd2 Bg7 6. e4 Nb6 7. Be3 O-O 8. Nf3 Nc6 9. d5 Ne5 10. Nxe5 Bxe5 11. Bd4 Bxd4 12. Qxd4 c6 13. Be2 cxd5 14. exd5 e6 15. d6 e5 16. Qxe5 Bg4 17. Ne4 Nd7 18. Qe7 Bxe2 19. Qxd7 Qxd7 20. Nf6+ Kg7 21. Nxd7 Rfe8 22.
Nc5 Bf3+ 23. Kf1 Bc6 24. f3 b6 25. Nb3 Rad8 26. Rd1 Bb5+ 27. Kf2 Re2+ 28. Kg3 Rxb2 29. Nd4 Ba4 30. Rd3 Rxa2 31. Re1 Kf6 32. Ne2 Bb5 33. Re3 Bxe2 34. R3xe2 Rxe2 35. Rxe2 Rxd6 36. Ra2 a5 37. Ra4 h5 38. h4 Kf5 39. Kh3 Rc6 40. Kg3 Rc5 41.
Rf4+ Ke6 42. Re4+ Re5 43. Ra4 f6 44. Kf4 Rb5 45. Re4+ Kf7 46. Re3 Rb4+ 47. Kg3 a4 48. Rc3 b5 49. Rc7+ Ke6 50. Rc6+ Kf7 51. Rc7+ Kf8 52.
Rc8+ Kg7 53. Rc7+ Kh6 54. Rc6 f5 55. Rc8 Rb2 56. Kf4 Rxg2 57. Ke5 Kg7 58. Rc7+ Kf8 59. Kf6 Ke8 60. Rg7 Kd8 61. Ke6 Kc8 62. Kd6 Rd2+ 63. Kc6 Rc2+ 64. Kxb5 a3 65. Rxg6 a2 66. Ra6 Kc7 67.
Kb4 Kd7 68. Kb3 Rh2 69. Kc3 Rg2 70. Kd3 Rh2 71. Ke3 Rxh4 72. Rxa2 Rb4 73. Ra5 f4+ 74. Kf2 h4 75. Kg2 Rb2+ 76. Kh3 Rf2 77. Ra3 Ke6 78. Kxh4 Kf5 79. Ra5+ Kf6 80. Kg4 Rf1 81. Kxf4 Kf7 82. Ra6 Rb1 83. Kg4 Rb4+ 84. f4 Kf8 85. Kf5 Rb5+ 86.
Kf6 Kg8 87. Ra8+ Kh7 88. f5 1-0

[Event "*** SCC Grand Prix: Titled Tuesday Blitz"]
[Site "Chess.com"]
[Date "2020.06.02"]
[Round "4"]
[White "Sanyura"]
[Black "gmyarick"]
[Result "1-0"]
[WhiteElo "2533"]
[BlackElo "2728"]
[TimeControl "180+1"]
[EndTime "10:41:28 PDT"]
[Termination "Sanyura won by resignation"]

1. e4 g6 2. d4 Bg7 3. c3 d5 4. exd5 Qxd5 5. Nf3 Nf6 6. Nbd2 O-O 7. Bc4 Qd6 8. O-O c5 9. h3 Nc6 10. d5 Na5 11. Qe2 Nxc4 12. Nxc4 Qxd5 13. Rd1 Qe6 14. Qf1 Bd7 15. Ng5 Qa6 16. Be3 Bb5 17. b3 Rac8 18.
a4 Bxc4 19. Qxc4 Qxc4 20. bxc4 h6 21. Nf3 Ne4 22. Rd7 Nxc3 23. Ra3 b6 24. Rxe7 a6 25. Rb7 Rb8 26. Rxb8 Rxb8 27. a5 b5 28. cxb5 Nxb5 29. Ra4 Rc8 30. Rc4 Bc3 31. Bxc5 Bxa5 32. Ra4 Rxc5 33. Rxa5 Rc6 34. Ne5 Re6 35. Nc4 Nd4 36.
Rd5 Kg7 37. Rxd4 Rc6 38. Na5 Rc5 39. Ra4 Rb5 40. Nc4 Rc5 41. Ne3 Rc6 42. g4 Kf6 43.
Kg2 Ke5 44. f4+ Kd6 45. Kf3 Kc7 46. Nd5+ Kd6 47. Ke4 Kc5 48. Ra5+ Kc4 49. f5 gxf5+ 50. gxf5 f6 51. Ra4+ Kb5 52. Rb4+ Kc5 53. Rb2 Rd6 54.
Rc2+ Kb5 55. Kd4 Rd8 56. Rb2+ Ka4 57. Kc4 Rc8+ 58. Kd3 Ka3 59. Rb6 a5 60. Rxf6 a4 61. Nc3 Ra8 62. Rb6 Rc8 63. f6 Rd8+ 64. Kc2 Rg8 65.
Ra6 Rg2+ 66. Kd3 Rg3+ 67. Kd4 Rg2 68. Rxa4+ Kb3 69. Rc4 Rf2 70. Rc6 Rf4+ 71. Ke5 Rf3 72. Ne4 Rxh3 73. Rb6+ Kc4 74. f7 Rf3 75. Rf6 Rf5+ 76.
Rxf5 1-0

[Event "*** SCC Grand Prix: Titled Tuesday Blitz"]
[Site "Chess.com"]
[Date "2020.06.02"]
[Round "4"]
[White "Oneofmyturns"]
[Black "crazy_but_lazy"]
[Result "1-0"]
[WhiteElo "2619"]
[BlackElo "2401"]
[TimeControl "180+1"]
[EndTime "10:41:30 PDT"]
[Termination "Oneofmyturns won on time"]

1. d4 d5 2. c4 e6 3. Nc3 a6 4. cxd5 exd5 5. Nf3 Nf6 6. Bg5 c6 7. e3 Bd6 8. Bd3 O-O 9. O-O Be6 10. h3 Nbd7 11. Bf4 Qc7 12. Bxd6 Qxd6 13. Rc1 Rfe8 14.
Na4 h6 15. a3 Ne4 16. Qc2 Bf5 17. Rfd1 Re7 18. Nc5 Ndxc5 19. dxc5 Qc7 20. Nd4 Bh7 21. f3 Nf6 22. Bxh7+ Nxh7 23. Nf5 Re6 24. Qc3 Nf6 25. b4 Qe5 26. Nd6 Qxc3 27. Rxc3 Re7 28. g4 g6 29.
Kf2 Ne8 30. Nxe8 Raxe8 31. a4 Kg7 32. Rd2 Ra8 33. Rb2 Re6 34. b5 axb5 35. axb5 Ra1 36. bxc6 bxc6 37. Rcb3 Rh1 38. Rb7 Rh2+ 39. Kg3 Rxb2 40.
Rxb2 Rxe3 41. Rb6 Re6 42. h4 Kf6 43. Rb7 g5 44. hxg5+ hxg5 45. Rc7 Ke5 46. Rxf7 Kd4 47. Rf5 Kxc5 48. Rxg5 Kc4 49. Rg8 d4 50. Rd8 c5 51.
f4 Kc3 52. f5 Re1 53. f6 Rf1 54. g5 d3 55. Kg4 d2 56. Kh5 Kc2 57. g6 c4 58. g7 Rh1+ 59. Kg6 Rg1+ 60. Kh7 c3 61. f7 d1=Q 62. Rxd1 Kxd1 63. f8=Q Rh1+ 64. Kg8 Re1 65. Qf3+ Kd2 66. Qf4+ Re3 67. Kh8 c2 68. g8=Q c1=Q 69. Qd5+ Ke2 70. Qg4+ Ke1 71. Qh1+ Kd2 72. Qgg2+ Kd3 73. Qxc1 Re8+ 74. Kh7 Re7+ 75. Kh6 Re6+ 76. Qg6+ 1-0

[Event "*** SCC Grand Prix: Titled Tuesday Blitz"]
[Site "Chess.com"]
[Date "2020.06.02"]
[Round "4"]
[White "davekoenig"]
[Black "Fighter008"]
[Result "0-1"]
[WhiteElo "2159"]
[BlackElo "2565"]
[TimeControl "180+1"]
[EndTime "10:41:32 PDT"]
[Termination "Fighter008 won by resignation"]

1. e4 c5 2. Nc3 a6 3. g3 b5 4. Bg2 Bb7 5. a3 e6 6. Nge2 Nf6 7. O-O d5 8. exd5 Nxd5 9. Nxd5 Bxd5 10. d4 Bxg2 11.
Kxg2 Nc6 12. Be3 c4 13. Nf4 g5 14. Nh5 Qd5+ 15. Qf3 Qxf3+ 16. Kxf3 Be7 17. Rad1 O-O-O 18. g4 Rd5 19. c3 f5 20. Rfe1 Rg8 21. h3 Kd7 22. Bc1 Rf8 23. Kg2 f4 24. Re4 Nd8 25. Rde1 Rf7 26. f3 Bf8 27. h4 h6 28. hxg5 hxg5 29.
Re5 Bg7 30. Rxd5+ exd5 31. Nxg7 Rxg7 32. Re5 Kd6 33. Rf5 Ne6 34. Rf6 Re7 35. Kf2 Rh7 36.
Kg2 Ke7 37. Rf5 Kd6 38. Rf6 a5 39. Bd2 Rd7 40. Rg6 Rd8 41. Be1 Ke7 42. Rh6 Rg8 43. Rh7+ Ng7 44. Bd2 Kf7 45. Rh6 Ne6 46. Rh7+ Rg7 47.
Rh8 Nf8 48. Rh6 Ng6 49. Kf2 Rg8 50. Rh5 Nf8 51. Rh6 Rg6 52. Rh1 Rg7 53. Rh6 Ne6 54. Rh8 Rg8 55. Rh7+ Ng7 56. Rh6 Ne6 57. Rh7+ Rg7 58.
Rh8 Nf8 59. Rh6 Rg6 60. Rh5 Kf6 61. Rh8 Kf7 62. Rh1 Re6 63. Rh5 Kg6 64. Rh8 Kg7 65.
Rh5 Nh7 66. Rh1 Nf6 67. Rh2 Re8 68. Rh1 Rh8 69. Re1 Rh2+ 70. Kf1 Rxd2 71. Re7+ Kg6 72. Ra7 Rxb2 73. Rxa5 Rb3 74. Ke2 Rxc3 75. Rxb5 Rxa3 76. Rc5 Re3+ 77. Kf2 Rd3 78. Rc6 Rxd4 0-1

[Event "*** SCC Grand Prix: Titled Tuesday Blitz"]
[Site "Chess.com"]
[Date "2020.06.02"]
[Round "4"]
[White "GMKrikor"]
[Black "RitvarsReimanis"]
[Result "0-1"]
[WhiteElo "2746"]
[BlackElo "2539"]
[TimeControl "180+1"]
[EndTime "10:41:33 PDT"]
[Termination "RitvarsReimanis won by resignation"]

1. e4 c5 2. Nf3 Nc6 3. Bb5 g6 4. O-O Bg7 5. Bxc6 dxc6 6. d3 b6 7. Re1 Nf6 8. Nbd2 Bg4 9. h3 Bxf3 10. Nxf3 Nd7 11. e5 Nf8 12. a3 a5 13. Bd2 Ne6 14. b4 axb4 15. axb4 cxb4 16. Bxb4 c5 17. Bc3 O-O 18.
Rxa8 Qxa8 19. Qb1 Qc6 20. Nd2 Nf4 21. Ne4 Ra8 22. Qb3 b5 23. Bb2 c4 24. dxc4 bxc4 25.
Qf3 Nd5 26. Rd1 e6 27. Bd4 Rc8 28. c3 Ne7 29. Nf6+ Kh8 30. Qxc6 Nxc6 31. Rb1 Nxd4 32. cxd4 Bxf6 33. exf6 g5 34. g4 h6 35. Kf1 Kh7 36.
Ke2 Kg6 37. Kd2 c3+ 38. Kc2 Rc4 39. Rd1 Kxf6 40. Rd3 Kg6 41. f3 Kf6 42. Rd1 Ke7 43. Rd3 Kd6 44. Rd1 Kd5 45. Ra1 Kxd4 46. Ra7 f5 47.
Rf7 Ke5 48. Rh7 fxg4 49. fxg4 Kf4 50. Rxh6 Kg3 51. Rxe6 Kxh3 52. Rh6+ Kxg4 53. Rh1 Kf4 54. Rf1+ Kg4 55. Rg1+ Kf5 56. Rf1+ Kg6 57. Rg1 g4 58.
Kd3 Rf4 59. Kxc3 Kf5 60. Kd3 Rf3+ 61. Ke2 Kf4 62. Ra1 Kg3 63. Rg1+ Kh3 64. Rh1+ Kg2 65. Rh4 Kg3 66. Rh1 Rf7 67. Rg1+ Kh3 68. Rh1+ Kg2 69. Rh6 Re7+ 70. Kd1 g3 71. Rf6 Kh2 72. Rh6+ Kg1 73.
Rg6 g2 74. Kd2 Re5 75. Kd3 Re8 76. Rg7 Rh8 77. Ke2 Kh1 78. Kf2 Rf8+ 0-1

[Event "*** SCC Grand Prix: Titled Tuesday Blitz"]
[Site "Chess.com"]
[Date "2020.06.02"]
[Round "4"]
[White "FairChess_on_YouTube"]
[Black "Revnov"]
[Result "1-0"]
[WhiteElo "3008"]
[BlackElo "2693"]
[TimeControl "180+1"]
[EndTime "10:41:45 PDT"]
[Termination "FairChess_on_YouTube won on time"]

1. e4 e5 2. Nf3 d6 3. Bc4 Nf6 4. d3 Be7 5. O-O O-O 6. h3 Be6 7. Bxe6 fxe6 8. c3 Qd7 9. Re1 Nc6 10. Nbd2 h6 11. Nf1 Rf7 12. Ng3 Raf8 13. b4 Nh7 14.
Be3 a6 15. a4 Bf6 16. Nh5 Ne7 17. d4 exd4 18. cxd4 Ng6 19. Qb3 Bd8 20. Nd2 Bg5 21. f3 Nh4 22. Re2 Kh8 23. Rf1 Bxe3+ 24. Qxe3 Qxa4 25. g3 Qb5 26. Nf4 Rxf4 27. gxf4 Ng6 28.
Rh2 Nxf4 29. h4 e5 30. dxe5 Qxe5 31. Nc4 Qb5 32. Qc3 Nf6 33. Kh1 N6h5 34. Rg1 Rf7 35. e5 Qc6 36. Qb3 d5 37. Na5 Qb5 38.
Qc2 Qxb4 39. Nb3 b6 40. e6 Nxe6 41. Qg6 Rf6 42. Qxh5 Qxb3 43. Re2 d4 44. f4 Qc4 45. f5 Qc6+ 46. Kh2 Nf8 47. Re8 Qd6+ 48. Kh3 Kh7 49. Qg4 Rf7 50. h5 Kg8 51. Qg6 Qf6 52. Kg4 c5 53.
Rge1 d3 54. R1e4 c4 55. Qxf6 Rxf6 56. Rxc4 b5 57. Rd4 Kf7 58. Ra8 Rc6 59. Rxd3 Kf6 60. Rd4 Kf7 61. Kf4 Nh7 62. Ra7+ Ke8 63. Rxg7 Nf6 64.
Rg6 Nxh5+ 65. Ke5 Rxg6 66. fxg6 b4 67. Ke6 Ng7+ 68. Kf6 Nh5+ 69. Ke6 Ng7+ 70. Ke5 Nh5 71. Rxb4 Kf8 72. Rb7 Kg8 73. Ke6 Ng7+ 74. Ke7 Nh5 75. Ke6 Ng7+ 76. Ke5 Nh5 77. Ra7 a5 78. Kf5 a4 79.
Rxa4 Ng7+ 80. Kf6 Nh5+ 81. Kf5 Ng7+ 82. Kg4 Ne6 83. Ra7 Ng5 84. Kh5 Ne4 85. Kxh6 1-0

[Event "*** SCC Grand Prix: Titled Tuesday Blitz"]
[Site "Chess.com"]
[Date "2020.06.02"]
[Round "4"]
[White "Igrok3069"]
[Black "ShapkinAnatoliy"]
[Result "0-1"]
[WhiteElo "2752"]
[BlackElo "2587"]
[TimeControl "180+1"]
[EndTime "10:41:46 PDT"]
[Termination "ShapkinAnatoliy won on time"]

1. d4 Nf6 2. Nf3 g6 3. g3 Bg7 4.
Bg2 O-O 5. O-O c5 6. c4 cxd4 7. Nxd4 Nc6 8. Nc3 Qa5 9. e3 d6 10. Bd2 Qc5 11. Nxc6 bxc6 12. Rc1 Rb8 13. b3 Bd7 14. Qe2 Qh5 15. Qxh5 Nxh5 16. Rfd1 Nf6 17. e4 Ng4 18. h3 Ne5 19. Be3 c5 20. Nd5 Nc6 21. h4 e6 22. Nf4 Nd4 23. Kf1 a5 24.
Ne2 e5 25. Nc3 a4 26. bxa4 Rb4 27. Nb5 Rxa4 28. Nxd6 Be6 29. Rd2 Rd8 30. Nb7 Rc8 31.
Nd6 Rc6 32. Ne8 Bh8 33. Bg5 Bd7 34. Rb2 Ra8 35. Rcb1 Bxe8 36. Rb8 Rc8 37. Rxc8 Rxc8 38. h5 Bg7 39. h6 f6 40. Be3 Bf8 41. Bh3 Ra8 42. Rb6 Bf7 43. Rxf6 Bxc4+ 44. Kg2 Bxa2 45. Rb6 Bf7 46. f4 exf4 47. gxf4 Re8 48. e5 Nf5 49. Bxf5 gxf5 50. Kf2 Be6 51. Rc6 Bxh6 52. Rxc5 Bf8 53. Rc6 Kf7 54. Rc7+ Re7 55. Rc6 Rb7 56. Ra6 Be7 57. Rc6 h5 58. Kg3 Rb3 59. Kf2 h4 60. Rc1 h3 61. Rh1 Rb2+ 62. Kg3 h2 63. Rxh2 Rxh2 64.
Kxh2 Kg6 65. Kg3 Kh5 66. Kh3 Bh4 67. Bg1 Bd5 68. Bc5 Bd8 69. Bd4 Bh4 70. Be3 Bf3 71.
Bd4 Bg4+ 72. Kg2 Kg6 73. Kh2 Kf7 74. Kg2 Ke6 75. Be3 Kd5 76. Bc1 Ke4 77. Bd2 Be7 78.
Kg3 Bh5 79. Bc1 Bf7 80. Bd2 Bc5 81. Bc1 Be3 82. Bxe3 Kxe3 0-1

[Event "*** SCC Grand Prix: Titled Tuesday Blitz"]
[Site "Chess.com"]
[Date "2020.06.02"]
[Round "4"]
[White "A-Adly"]
[Black "ZAbdumalik"]
[Result "1-0"]
[WhiteElo "2840"]
[BlackElo "2658"]
[TimeControl "180+1"]
[EndTime "10:41:50 PDT"]
[Termination "A-Adly won by resignation"]

1. Nf3 Nf6 2. g3 g6 3. Bg2 Bg7 4. c4 c5 5. O-O O-O 6. d4 cxd4 7. Qxd4 Nc6 8. Qh4 d6 9. Bh6 Qb6 10. b3 a5 11. Nc3 Qc5 12. Ng5 Qf5 13. h3 Re8 14.
Nd5 Bh8 15. Nc7 Bd7 16. e4 Qe5 17. Nxe8 Nxe8 18. Rad1 Bf6 19. f4 Qc5+ 20. Kh2 Nd4 21.
e5 Nf5 22. Qg4 Bh8 23. Ne4 Qc8 24. Bg5 Ne3 25. Qh4 Nxd1 26. Rxd1 dxe5 27. Bxe7 exf4 28.
gxf4 Bf5 29. Ng5 h5 30. Bd5 Be6 31. Nxe6 fxe6 32. Be4 Kf7 33. Rg1 Bf6 34. Bxf6 Nxf6 35. Bxg6+ Ke7 36. Bxh5 Qh8 37. Rg5 Rd8 38. Qf2 Nxh5 39.
Qc5+ Kf7 40. Qc7+ Kf6 41. Qe5+ Kf7 42. Rxh5 Rd2+ 43. Kg3 Qxe5 44. Rxe5 Rxa2 45. Rb5 Kf6 46. Rxb7 Rb2 47. Rb5 Ra2 48. h4 a4 49. bxa4 Rxa4 50. Rc5 Ra3+ 51. Kg4 Rc3 52. h5 Rc1 53. Rc8 Rg1+ 54.
Kf3 Rh1 55. Kg4 Rg1+ 56. Kf3 Rh1 57. Rh8 Rc1 58. Rf8+ Kg7 59. Rc8 Rh1 60. Kg4 Rg1+ 61. Kh4 Rh1+ 62. Kg5 Rg1+ 63. Kh4 Rh1+ 64. Kg4 Rg1+ 65.
Kf3 Rh1 66. Rc5 Kf6 67. Re5 Rc1 68. c5 Rf1+ 69. Kg3 Rg1+ 70. Kf2 Rh1 71. Kg2 Rc1 72. Rg5 Rc2+ 73. Kg3 Rc1 74. Kg2 Rc2+ 75. Kh3 Rc3+ 76. Kg4 Rc1 77. Kf3 Rh1 78. Rg6+ Kf7 79. Rg5 Kf6 80.
Ke4 Rd1 81. Rg6+ Kf7 82. c6 Rc1 83. f5 exf5+ 84. Kxf5 Rc5+ 85. Kg4 Rc4+ 86. Kg5 Rc5+ 87. Kh6 Rc4 88. Kh7 Rc5 89. h6 Kf8 90. Rg8+ Kf7 91.
c7 1-0